[ AOE2 MATCH · #504689334 ]
UnrankedHindustanis vs Japanese
Rival team · LOSS
[ REPLAY ANALYSIS · EXTRACTED FROM THE RECORDED GAME ]
Feudal
8:57
Castle
22:33
Imperial
—
| APM avg | 44.2 |
| APM peak | 78 |
| eAPM avg | 19.5 |
| Villagers / military | 120 / 113 |
Focus
⚔️ 29.2% · 🌾 70.8%
Camel Scout ×38 · Skirmisher ×30 · Ghulam ×14 · Archer ×13 · Armored Elephant ×6 · Monk ×4
Feudal
9:41
Castle
25:20
Imperial
—
| APM avg | 35.0 |
| APM peak | 112 |
| eAPM avg | 20.8 |
| Villagers / military | 123 / 59 |
Focus
⚔️ 31.4% · 🌾 68.6%
Spearman ×23 · Archer ×11 · Militia ×8 · Monk ×6 · Skirmisher ×6 · Knight ×5
Match map
Initial resources + every placement click. Lines = walls · curves = elevation contours. ◆ gold · ⬟ stone · ● berries · ✦ relic · ◌ wall gap
Your base· Open — 1t gap
moneymickey's base· Open — 3t gap
Smoothed initial terrain · ◌ = detected wall gap · hover for details
Inputs per minute
— HSL | P3rk_Ita - - moneymickey
Build order — HSL | P3rk_Ita
First 150 of 335 actions detected
| 0:01 | Create | Villager (Male) |
| 0:03 | Build | House |
| 0:05 | Build | House |
| 0:05 | Create | Villager (Male) |
| 0:06 | Create | Villager (Male) |
| 0:06 | Create | Villager (Male) |
| 0:06 | Create | Villager (Male) |
| 1:38 | Create | Villager (Male) |
| 1:38 | Create | Villager (Male) |
| 1:38 | Create | Villager (Male) |
| 1:46 | Build | Lumber Camp |
| 2:05 | Create | Villager (Male) |
| 2:05 | Create | Villager (Male) |
| 3:02 | Create | Villager (Male) |
| 3:02 | Create | Villager (Male) |
| 3:05 | Create | Villager (Male) |
| 3:30 | Build | House |
| 3:42 | Create | Villager (Male) |
| 3:42 | Create | Villager (Male) |
| 4:14 | Create | Villager (Male) |
| 4:40 | Create | Villager (Male) |
| 4:40 | Create | Villager (Male) |
| 4:44 | Create | Villager (Male) |
| 4:57 | Build | Mining Camp |
| 5:04 | Create | Villager (Male) |
| 5:16 | Build | Palisade Wall |
| 5:57 | Research | Loom |
| 6:32 | Research | Feudal Age |
| 7:04 | Build | Barracks |
| 7:29 | Build | House |
| 7:48 | Build | Palisade Wall |
| 8:17 | Build | Mill |
| 8:23 | Create | Villager (Male) |
| 8:57 | Age | Feudal Age |
| 8:59 | Build | Archery Range |
| 9:03 | Research | Double-Bit Axe |
| 9:19 | Create | Villager (Male) |
| 9:40 | Build | House |
| 9:41 | Create | Archer |
| 9:50 | Create | Villager (Male) |
| 9:53 | Create | Archer |
| 10:08 | Create | Spearman |
| 10:19 | Build | Blacksmith |
| 10:19 | Create | Villager (Male) |
| 10:19 | Create | Villager (Male) |
| 10:39 | Create | Archer |
| 10:45 | Create | Villager (Male) |
| 10:48 | Research | Horse Collar |
| 11:05 | Build | House |
| 11:08 | Research | Fletching |
| 11:17 | Create | Archer |
| 11:40 | Create | Archer |
| 11:40 | Create | Villager (Male) |
| 11:57 | Build | House |
| 11:57 | Create | Villager (Male) |
| 12:15 | Create | Villager (Male) |
| 12:38 | Create | Archer |
| 12:39 | Create | Villager (Male) |
| 12:50 | Create | Archer |
| 13:18 | Create | Archer |
| 13:30 | Create | Archer |
| 13:31 | Create | Villager (Male) |
| 13:33 | Build | Farm |
| 13:34 | Build | Farm |
| 13:35 | Build | Farm |
| 13:56 | Create | Villager (Male) |
| 14:07 | Build | Farm |
| 14:08 | Build | House |
| 14:12 | Create | Archer |
| 14:21 | Create | Villager (Male) |
| 14:25 | Build | Farm |
| 14:25 | Build | Farm |
| 14:25 | Build | Farm |
| 14:25 | Build | Farm |
| 14:26 | Build | Farm |
| 14:26 | Build | Farm |
| 14:29 | Create | Villager (Male) |
| 14:49 | Create | Archer |
| 14:51 | Build | Farm |
| 15:17 | Create | Villager (Male) |
| 15:31 | Build | Farm |
| 15:32 | Create | Archer |
| 15:41 | Create | Villager (Male) |
| 16:00 | Build | Archery Range |
| 16:06 | Research | Padded Archer Armor |
| 16:06 | Create | Villager (Male) |
| 16:20 | Build | House |
| 16:24 | Build | House |
| 16:27 | Create | Archer |
| 16:29 | Create | Villager (Male) |
| 16:47 | Research | Wheelbarrow |
| 16:59 | Create | Skirmisher |
| 17:00 | Create | Skirmisher |
| 17:16 | Create | Skirmisher |
| 17:16 | Create | Skirmisher |
| 17:19 | Create | Villager (Male) |
| 17:34 | Build | House |
| 17:57 | Create | Skirmisher |
| 18:06 | Build | Farm |
| 18:19 | Build | House |
| 18:20 | Build | House |
| 18:36 | Create | Skirmisher |
| 18:36 | Create | Skirmisher |
| 18:48 | Create | Villager (Male) |
| 19:53 | Research | Castle Age |
| 20:11 | Build | Lumber Camp |
| 20:17 | Build | Farm |
| 20:20 | Create | Skirmisher ×5 |
| 20:33 | Build | Stable |
| 20:41 | Create | Skirmisher |
| 20:42 | Research | Scale Barding Armor |
| 21:29 | Create | Scout Cavalry |
| 21:34 | Create | Skirmisher |
| 21:34 | Create | Skirmisher |
| 21:51 | Create | Skirmisher |
| 21:56 | Create | Scout Cavalry |
| 21:59 | Build | House |
| 22:00 | Build | House |
| 22:11 | Create | Skirmisher |
| 22:12 | Create | Skirmisher |
| 22:21 | Build | Farm |
| 22:33 | Age | Castle Age |
| 22:39 | Build | Siege Workshop |
| 22:40 | Create | Villager (Male) |
| 22:42 | Research | Bodkin Arrow |
| 22:50 | Create | Camel Scout |
| 23:11 | Create | Villager (Male) |
| 23:30 | Create | Mangonel |
| 23:31 | Create | Villager (Male) |
| 23:45 | Create | Camel Scout |
| 23:45 | Create | Camel Scout |
| 23:46 | Create | Villager (Male) |
| 23:47 | Create | Skirmisher |
| 23:48 | Create | Skirmisher |
| 24:28 | Build | Market |
| 24:28 | Create | Villager (Male) |
| 24:29 | Create | Villager (Male) |
| 24:38 | Build | House |
| 24:48 | Create | Villager (Male) |
| 24:58 | Create | Camel Scout |
| 24:59 | Create | Camel Scout |
| 24:59 | Create | Camel Scout |
| 25:00 | Create | Villager (Male) |
| 25:25 | Research | Elite Skirmisher (upgrade) |
| 25:40 | Create | Villager (Male) |
| 25:51 | Build | Farm |
| 26:14 | Create | Armored Elephant |
| 26:32 | Create | Villager (Male) |
| 26:42 | Build | Town Center |
| 26:59 | Create | Armored Elephant |
Build order — moneymickey
First 150 of 317 actions detected
| 0:01 | Create | Villager (Male) |
| 0:01 | Create | Villager (Male) |
| 0:02 | Build | House |
| 0:04 | Build | House |
| 0:23 | Create | Villager (Male) |
| 0:48 | Create | Villager (Male) |
| 1:27 | Create | Villager (Male) |
| 1:53 | Build | Lumber Camp |
| 1:59 | Create | Villager (Male) |
| 2:24 | Create | Villager (Male) |
| 2:45 | Create | Villager (Male) |
| 3:06 | Create | Villager (Male) |
| 3:29 | Build | Mill |
| 3:40 | Create | Villager (Male) |
| 3:51 | Build | House |
| 3:51 | Build | House |
| 4:00 | Create | Villager (Male) |
| 4:04 | Build | Palisade Wall |
| 4:05 | Build | Palisade Wall |
| 4:08 | Build | Palisade Wall |
| 4:10 | Build | Palisade Wall |
| 4:26 | Create | Villager (Male) |
| 4:43 | Create | Villager (Male) |
| 5:08 | Create | Villager (Male) |
| 5:18 | Build | Palisade Wall |
| 5:20 | Build | Palisade Wall |
| 5:22 | Build | Palisade Wall |
| 5:31 | Create | Villager (Male) |
| 5:57 | Build | Mining Camp |
| 5:59 | Create | Villager (Male) |
| 6:07 | Research | Loom |
| 6:11 | Create | Villager (Male) |
| 6:12 | Research | Loom |
| 7:11 | Build | Barracks |
| 7:27 | Research | Feudal Age |
| 7:37 | Build | House |
| 8:07 | Create | Militia |
| 8:07 | Create | Militia |
| 8:07 | Create | Militia |
| 8:51 | Create | Villager (Male) |
| 9:41 | Age | Feudal Age |
| 9:47 | Build | Mining Camp |
| 9:49 | Research | Man-at-Arms (upgrade) |
| 9:49 | Create | Villager (Male) |
| 10:11 | Create | Villager (Male) |
| 10:14 | Build | Farm |
| 10:15 | Build | Farm |
| 10:26 | Create | Spearman |
| 10:44 | Build | House |
| 10:45 | Build | House |
| 10:51 | Create | Villager (Male) |
| 11:08 | Build | Watch Tower |
| 11:16 | Create | Villager (Male) |
| 11:48 | Create | Villager (Male) |
| 11:58 | Build | Blacksmith |
| 12:21 | Create | Villager (Male) |
| 12:25 | Research | Town Watch |
| 12:25 | Create | Villager (Male) |
| 12:44 | Build | Stone Wall |
| 12:46 | Build | Stone Wall |
| 12:57 | Research | Scale Mail Armor |
| 13:01 | Build | House |
| 13:19 | Create | Militia |
| 13:19 | Create | Militia |
| 13:34 | Build | House |
| 13:45 | Build | Archery Range |
| 13:48 | Create | Villager (Male) |
| 13:49 | Create | Villager (Male) |
| 13:50 | Create | Villager (Male) |
| 14:03 | Create | Villager (Male) |
| 14:11 | Create | Militia |
| 14:33 | Create | Villager (Male) |
| 14:38 | Create | Villager (Male) |
| 14:47 | Create | Archer |
| 14:49 | Build | House |
| 14:56 | Create | Skirmisher |
| 15:11 | Build | Watch Tower |
| 15:12 | Create | Skirmisher |
| 15:18 | Create | Villager (Male) |
| 15:29 | Create | Villager (Male) |
| 15:35 | Create | Skirmisher |
| 15:45 | Build | Farm |
| 15:46 | Build | Farm |
| 15:53 | Create | Villager (Male) |
| 16:05 | Build | Farm |
| 16:22 | Build | Farm |
| 16:28 | Build | Outpost |
| 16:33 | Create | Archer |
| 16:34 | Create | Villager (Male) |
| 16:38 | Build | Farm |
| 17:09 | Create | Skirmisher |
| 17:15 | Research | Fletching |
| 17:16 | Create | Villager (Male) |
| 17:18 | Build | Farm |
| 17:19 | Build | Farm |
| 17:28 | Build | Watch Tower |
| 17:30 | Create | Skirmisher |
| 17:32 | Create | Villager (Male) |
| 17:35 | Build | House |
| 17:37 | Build | House |
| 17:51 | Create | Villager (Male) |
| 18:00 | Create | Villager (Male) |
| 18:06 | Build | Farm |
| 18:21 | Research | Double-Bit Axe |
| 18:35 | Create | Villager (Male) |
| 18:39 | Build | Farm |
| 18:40 | Create | Villager (Male) |
| 18:45 | Create | Archer |
| 18:52 | Build | Watch Tower |
| 18:55 | Create | Villager (Male) |
| 18:59 | Build | Farm |
| 19:03 | Create | Skirmisher |
| 19:08 | Create | Villager (Male) |
| 19:36 | Create | Villager (Male) |
| 19:37 | Build | Farm |
| 19:40 | Build | Lumber Camp |
| 20:00 | Create | Villager (Male) |
| 20:02 | Build | Farm |
| 20:12 | Build | Mill |
| 20:21 | Create | Villager (Male) |
| 20:37 | Build | Watch Tower |
| 20:39 | Create | Archer |
| 20:39 | Create | Archer |
| 20:52 | Create | Archer |
| 20:53 | Create | Villager (Male) |
| 21:26 | Create | Villager (Male) |
| 21:31 | Build | House |
| 21:41 | Create | Villager (Male) |
| 21:46 | Build | Market |
| 22:11 | Create | Archer |
| 22:24 | Create | Villager (Male) |
| 22:40 | Research | Castle Age |
| 22:45 | Build | Farm |
| 22:47 | Build | Farm |
| 22:56 | Create | Archer |
| 23:01 | Build | Stable |
| 23:23 | Create | Archer |
| 23:32 | Research | Scale Barding Armor |
| 23:32 | Create | Villager (Male) |
| 23:36 | Build | House |
| 23:37 | Build | House |
| 23:43 | Build | Farm |
| 23:44 | Create | Villager (Male) |
| 23:53 | Create | Archer |
| 23:57 | Research | Gold Mining |
| 24:00 | Build | Lumber Camp |
| 24:08 | Build | House |
| 24:54 | Create | Archer |
| 24:57 | Build | House |
| 24:58 | Create | Spearman |
Match timeline
| 4:04 | moneymickey · wall_segment Palisade Wall x1 |
| 4:05 | moneymickey · wall_segment Palisade Wall x1 |
| 4:08 | moneymickey · wall_segment Palisade Wall x1 |
| 4:10 | moneymickey · wall_segment Palisade Wall x1 |
| 5:16 | HSL | P3rk_Ita · wall_segment Palisade Wall x1 |
| 5:18 | moneymickey · wall_segment Palisade Wall x1 |
| 5:20 | moneymickey · wall_segment Palisade Wall x1 |
| 5:22 | moneymickey · wall_segment Palisade Wall x1 |
| 7:04 | HSL | P3rk_Ita · first_building Barracks |
| 7:11 | moneymickey · first_building Barracks |
| 7:48 | HSL | P3rk_Ita · wall_segment Palisade Wall x1 |
| 8:57 | HSL | P3rk_Ita · age_up feudal |
| 8:59 | HSL | P3rk_Ita · first_building Archery Range |
| 9:41 | moneymickey · age_up feudal |
| 12:44 | moneymickey · wall_segment Stone Wall x1 |
| 12:46 | moneymickey · wall_segment Stone Wall x1 |
| 13:45 | moneymickey · first_building Archery Range |
| 20:33 | HSL | P3rk_Ita · first_building Stable |
| 22:28 | moneymickey · first_market_buy 100 food |
| 22:33 | HSL | P3rk_Ita · age_up castle |
| 22:39 | HSL | P3rk_Ita · first_building Siege Workshop |
| 23:01 | moneymickey · first_building Stable |
| 25:20 | moneymickey · age_up castle |
| 25:21 | HSL | P3rk_Ita · first_market_buy 100 wood |
| 25:53 | moneymickey · first_building Monastery |
| 26:26 | moneymickey · wall_segment Stone Wall x1 |
| 26:35 | HSL | P3rk_Ita · first_market_sell 100 food |
| 27:36 | moneymickey · first_market_sell 100 food |
| 28:13 | HSL | P3rk_Ita · first_building Monastery |
| 35:18 | HSL | P3rk_Ita · first_building Castle |
| 40:25 | moneymickey · first_building Castle |
| 40:35 | moneymickey · wall_segment Stone Wall x1 |
| 40:38 | moneymickey · wall_segment Stone Wall x1 |
| 40:40 | moneymickey · wall_segment Stone Wall x1 |
| 40:43 | moneymickey · wall_segment Stone Wall x1 |
| 40:45 | moneymickey · wall_segment Stone Wall x1 |
| 40:46 | moneymickey · wall_segment Stone Wall x1 |
| 40:47 | moneymickey · wall_segment Stone Wall x1 |
| 40:49 | moneymickey · wall_segment Stone Wall x1 |
| 41:17 | moneymickey · resign |
[ AI ANALYSIS · 1 CREDIT ]
What really happened in this match?
Wolo.gg analyzes every decision: build order, eco, micro, common mistakes by bracket. Personalized analysis on WhatsApp or Discord in 30 seconds.
Civ guide
Hindustanis
Perfil
Jugador #176055